 Dungeon Crawl Stone Soup version 0.20.1-1-g8b1a95d (webtiles) character file.

188789 Gargoyl the Tortoise (level 17, -5/156 HPs)
             Began as a Minotaur Abyssal Knight on Aug 4, 2017.
             Was the Champion of Lugonu.
             Slain by a shock serpent (9 damage)
             ... on level 4 of the Snake Pit.
             The game lasted 01:15:50 (37061 turns).

Gargoyl the Tortoise (Minotaur Abyssal Knight)     Turns: 37061, Time: 01:15:53

Health: -5/156     AC: 33    Str: 20    XL:     17   Next: 92%
Magic:  26/26      EV:  5    Int:  9    God:    Lugonu [******]
Gold:   2174       SH: 27    Dex: 21    Spells: 16/16 levels left

rFire    + . .     SeeInvis .   l - +7 hand axe (elec)
rCold    . . .     Gourm    .   n - +2 large shield
rNeg     . . .     Faith    .   A - +5 plate armour {rF+}
rPois    .         Spirit   .   q - +2 hat
rElec    .         Reflect  +   E - +0 cloak
rCorr    .         Harm     .   b - +0 pair of gloves
MR       ++...                  f - +2 pair of boots {Fly}
Stlth    ..........             O - +5 amulet of reflection
Regen    0.4/turn               i - +5 ring of dexterity
MPRegen  0.2/turn               y - ring of poison resistance

@: lethally poisoned (-5 -> -43), poison vulnerable, flying, constricted
A: retaliatory headbutt, horns 2, agile 1, magic resistance 1, sense
surroundings 1
a: Depart the Abyss, Bend Space, Banish, Corrupt, Enter the Abyss, Brand Weapon
With Distortion, Renounce Religion, Stop Flying


You were on level 4 of the Snake Pit.
You worshipped Lugonu.
Lugonu was exalted by your worship.
You were hungry.

You visited 4 branches of the dungeon, and saw 27 of its levels.
You visited the Abyss 1 time.
You also visited: Volcano.

You collected 2853 gold pieces.
You spent 679 gold pieces at shops.

Inventory:

Hand Weapons
 l - a +7 hand axe of electrocution (weapon)
 p - a +0 broad axe of freezing
 M - a +0 war axe of draining
Missiles
 T - 7 javelins of returning (quivered)
Armour
 b - a +0 pair of gloves (worn)
 f - a +2 pair of boots of flying (worn)
 n - a +2 large shield (worn)
 q - a +2 hat (worn)
 A - a +5 plate armour of fire resistance (worn)
 E - a +0 cloak (worn)
Jewellery
 h - an uncursed ring of protection from cold
 i - a +5 ring of dexterity (left hand)
 t - a +5 ring of strength
 y - a ring of poison resistance (right hand)
 D - an uncursed ring of positive energy
 O - a +5 amulet of reflection (around neck)
Wands
 w - a wand of lightning (10/15)
 x - a wand of enslavement (14/24)
Scrolls
 d - 3 scrolls of fog
 g - 7 scrolls of remove curse
 k - 3 scrolls of identify
 v - 2 scrolls of blinking
 z - a scroll of amnesia
 H - 12 scrolls of teleportation
 J - 2 scrolls of recharging
 Z - a scroll of magic mapping
Potions
 j - 3 potions of cancellation
 o - a potion of agility
 s - 2 potions of magic
 u - 2 potions of haste
 B - 6 potions of brilliance
 C - 3 potions of berserk rage
 F - a potion of resistance
 L - 5 potions of curing
 N - a potion of ambrosia
 W - 4 potions of heal wounds
Books
 e - the Grimoire of Moulding and the Oath
   (You found it on level 15 of the Dungeon)

   Spells                             Type                      Level
   a - Ignite Poison                  Fire/Transmutation/Poison    3
   b - Inner Flame                    Hexes/Fire                   3
   c - Summon Guardian Golem          Hexes/Summoning              3
   d - Silence                        Hexes/Air                    5
   e - Invisibility                   Hexes                        6
 G - a book of Fire

   Spells                             Type                      Level
   a - Ignite Poison                  Fire/Transmutation/Poison    3
   b - Fireball                       Conjuration/Fire             5
   c - Bolt of Fire                   Conjuration/Fire             6
   d - Ring of Flames                 Charms/Fire                  7
   e - Ignition                       Fire                         8
Comestibles
 a - 11 fruits
 c - 9 bread rations
 m - 18 meat rations
 r - 32 royal jellies


   Skills:
 + Level 15.4 Fighting
 + Level 16.7 Axes
 + Level 1.7 Throwing
 * Level 19.1 Armour
 + Level 4.3 Dodging
 + Level 14.2 Shields
 * Level 14.3 Invocations
 + Level 1.5 Evocations


You had 16 spell levels left.
You didn't know any spells.

Dungeon Overview and Level Annotations

Branches:
Dungeon (15/15)            Temple (0/1) D:5            Lair (6/6) D:9
 Shoals (0/4) Lair:2        Snake (4/4) Lair:2        Slime (0/5) Lair:6
    Orc (2/2) D:11            Elf (0/3) Orc:2        Vaults (0/5) D:13
 Depths (0/5) D:15

Altars:
Dithmenos
Okawaru
Uskayaw
Beogh
Jiyva

Shops:
D:4 =   D:5 [   D:7 ?   D:9 [   D:10 *   D:12 [   Orc:2 (}([   Snake:2 [
Snake:4 *%

Annotations:
Snake:3 Asterion
Abyss:1 Sonja


Innate Abilities, Weirdness & Mutations

You reflexively headbutt those who attack you in melee.
You have a pair of horns on your head.
You are agile. (Dex +2)
You are resistant to hostile enchantments. (MR+)
You passively map a small area around you.


Message History

Your shield and plate armour prevent you from hitting the shock serpent.
You headbutt the shock serpent!
The shock serpent is severely wounded.
You closely miss the naga ritualist.
The shock serpent's electric aura discharges, shocking you!
* * * LOW HITPOINT WARNING * * *
You hit the naga sharpshooter. You hit the nagaraja.
You hit the nagaraja but do no damage. You slash the naga warrior!
* * * LOW HITPOINT WARNING * * *
You feel sick.
* * * LOW HITPOINT WARNING * * *
You are more poisoned.
The nagaraja points at you and mumbles some strange words.
The bolt of poison hits you!
You are more poisoned.
* * * LOW HITPOINT WARNING * * *
The bolt of poison hits the naga sharpshooter.
The naga mage gestures wildly while chanting.
The naga mage seems to speed up.
The shock serpent bites you!
You die...

, ≈ ≈ (.N. #.#.# , * ≈ ≈ ≈ ≈
#NN.. ##.#.# ####### ≈ ≈ ≈ #'#.N
#.)#.# ..').(#, ≈≈≈ ≈ ,
*..'#####)#..# .≈#)).## ≈ ≈ ,
#k..#§§≈.)#.## ≈§##...##,,,
##N..##§≈≈..#.# ≈§≈##...###
###N..##§≈≈..##.#
§≈§≈##....######NN(.##§§≈§[###.#
.§≈§§##.....(..(@NN##§§§§)## #.#
#..§≈≈##.......NNS##≈≈≈).## #.#
##..≈≈≈###......###§§≈(.## ##.#
##...§≈≈########§≈≈..)######..#
##...≈≈≈§§≈≈≈§≈§≈..)##......###
##..§§≈≈§§≈≈§§§≈..##.#..†##...
#.....≈§§≈§≈≈....#.##..###.##
#......≈≈§≈......#.##..# #.##
#.......≈≈.......#.##.)###...


You could see a naga warrior, 2 nagarajas, a naga sharpshooter, a salamander
mystic, a naga ritualist, a shock serpent, a lindwurm and 3 naga magi.

Vanquished Creatures
  A sphinx (D:14)
  Agnes (Snake:3)
  4 nagarajas
  A fire giant (D:14)
  A frost giant (D:15)
  An orc warlord (Orc:2)
  Aizul (Snake:2)
  A stone giant (Orc:1)
  Snorg (D:11)
  A fire dragon (Lair:6)
  Josephine (Orc:2)
  A vault guard (D:13)
  11 naga warriors
  2 catoblepae
  12 anacondas
  4 centaur warriors
  9 two-headed ogres
  A tengu warrior (D:15)
  A death knight (D:12)
  An ogre mage (D:15)
  An orc high priest (Orc:1)
  9 naga sharpshooters
  4 shock serpents
  A salamander mystic (Snake:4)
  7 skeletal warriors (D:15)
  The ghost of CALLOUS the Summoner, a novice BaSu of Ru (D:8)
  4 sea snakes (Snake:4)
  A swamp dragon (Lair:6)
  7 naga ritualists
  2 wizards (D:13)
  Pikel (D:7)
  2 lindwurms (Snake:4)
  A phantasmal warrior (D:12)
  A wolf spider (Lair:6)
  2 orc sorcerers
  2 deep elf magi
  8 ugly things
  14 mana vipers
  2 orc knights
  7 salamanders
  2 cyclopes
  2 manticores (D:15)
  3 centaur zombies
  27 black mambas
  A smoke demon (Volcano)
  17 naga magi
  7 guardian serpents
  11 spiny frogs
  A rime drake (Lair:4)
  2 yaktaurs
  3 freezing wraiths
  4 komodo dragons
  3 efreet
  4 guardian mummies (D:13)
  2 red devils (Volcano)
  4 meliai
  A tengu conjurer (D:15)
  A queen bee (D:11)
  5 trolls
  Prince Ribbit (D:7)
  3 hornets (Lair:6)
  19 blink frogs
  A wind drake (shapeshifter) (D:15)
  A meliai zombie (D:12)
  4 slime creatures (D:14)
  9 hippogriffs
  7 dream sheep (Lair:2)
  A vampire (D:14)
  A shadow (D:13)
  13 wyverns
  A redback (Lair:6)
  A spriggan (shapeshifter) (D:14)
  44 yaks
  9 wraiths
  The ghost of striepan the Covert, an amateur SpEn of Sif Muna (D:5)
  21 humans
  Eustachio (D:6)
  3 hogs (D:7)
  4 basilisks
  2 hungry ghosts (D:9)
  Grum (D:9)
  2 steam dragons (Lair:6)
  11 wargs
  A soldier ant (D:11)
  6 acid dragons
  57 nagas
  27 water moccasins
  A hell hound (Volcano)
  8 porcupines
  35 orc warriors
  3 sky beasts
  A swamp drake (Lair:6)
  2 ice beasts
  A slave (D:7)
  3 phantoms
  8 ogres
  7 wolves
  12 centaurs
  15 crocodiles
  A big kobold (D:10)
  16 bullfrogs
  A gnoll sergeant (D:9)
  3 scorpions
  3 wyvern skeletons
  A water moccasin skeleton (D:9)
  38 killer bees
  4 wights (D:14)
  4 howler monkeys
  A bullfrog zombie (D:13)
  8 crimson imps
  5 jellies
  24 orc priests
  5 centaur skeletons
  3 hounds
  32 orc wizards
  10 iguanas
  10 worker ants
  A hound zombie (D:6)
  4 mummies (D:13)
  2 worker ant zombies
  7 gnolls
  14 adders
  2 howler monkey skeletons
  4 shadow imps
  An adder zombie (D:5)
  An adder skeleton (D:4)
  A worm (D:2)
  A dart slug (D:3)
  6 leopard geckos
  90 orcs
  4 giant cockroaches
  17 goblins
  5 hobgoblins
  11 jackals
  11 kobolds
  3 quokkas
  6 ball pythons
  5 bats
  10 frilled lizards
  A jackal skeleton (D:8)
  A leopard gecko skeleton (D:6)
  A leopard gecko zombie (D:6)
  A quokka skeleton (D:4)
  9 rats
  2 fungi
  5 plants
976 creatures vanquished.

Vanquished Creatures (others)
  A storm dragon (D:14)
  A nagaraja (Snake:3)
  A naga warrior (Snake:4)
  6 hydras
  A shock serpent (Snake:3)
  6 naga sharpshooters
  An orc sorcerer (Volcano)
  2 black mambas (Lair:6)
  A hell hound (Volcano)
  An orc warrior (Orc:2)
  2 slaves (D:7)
  A centaur (D:12)
  An orc (Orc:1)
  A bush (Lair:1)
  22 fungi
  24 plants
72 creatures vanquished.

Grand Total: 1048 creatures vanquished

Notes
Turn   | Place    | Note
-------+----------+-------------------------------------------
     0 | Abyss:1  | Gargoyl the Minotaur Abyssal Knight began the quest for the Orb.
     0 | Abyss:1  | Reached XP level 1. HP: 19/19 MP: 1/1
    20 | Abyss:1  | Found a corrupted altar of Lugonu.
   136 | Abyss:2  | Identified a scroll of acquirement
   146 | Abyss:2  | Noticed a large abomination
   151 | Abyss:2  | Noticed an iron imp
   167 | Abyss:2  | Noticed a guardian serpent
   168 | D:1      | Escaped the Abyss
   329 | D:1      | Reached * piety under Lugonu
   402 | D:1      | Reached XP level 2. HP: 27/27 MP: 2/2
   955 | D:2      | Reached XP level 3. HP: 34/34 MP: 3/3
  1076 | D:2      | Reached skill level 3 in Armour
  1372 | D:2      | Reached ** piety under Lugonu
  1372 | D:2      | Reached XP level 4. HP: 41/41 MP: 4/4
  1699 | D:3      | Found a shadowy altar of Dithmenos.
  2271 | D:4      | Reached XP level 5. HP: 47/47 MP: 4/6
  2278 | D:4      | Reached skill level 4 in Armour
  2328 | D:4      | Found Ticouxto's Jewellery Shop.
  2450 | D:4      | Noticed a phantom
  2469 | D:4      | Killed a phantom
  2469 | D:4      | Reached skill level 5 in Axes
  2469 | D:4      | Reached XP level 6. HP: 48/53 MP: 7/7
  2591 | D:4      | Reached *** piety under Lugonu
  2727 | D:4      | Reached skill level 5 in Armour
  3038 | D:5      | Entered Level 5 of the Dungeon
  3098 | D:5      | Found a staircase to the Ecumenical Temple.
  3346 | D:5      | Noticed a sky beast
  3354 | D:5      | Killed a sky beast
  3363 | D:5      | Reached XP level 7. HP: 49/60 MP: 8/8
  3373 | D:5      | Gained mutation: Your mind is acute. (Int +2) [mutagenic meat]
  3375 | D:5      | Gained mutation: You are robust. (+10% HP) [mutagenic meat]
  3376 | D:5      | Gained mutation: You possess an exceptional clarity of mind. [mutagenic meat]
  3377 | D:5      | Gained mutation: Your spells are a little harder to cast, but a little more powerful. [mutagenic meat]
  3378 | D:5      | Gained mutation: Scrolls take you a little longer to read. [mutagenic meat]
  3415 | D:5      | Reached skill level 5 in Fighting
  3464 | D:5      | Noticed striepan's ghost (amateur SpEn)
  3544 | D:5      | Killed striepan's ghost
  3544 | D:5      | Reached skill level 6 in Armour
  3582 | D:5      | Found a hide-covered altar of Uskayaw.
  3674 | D:5      | Reached skill level 7 in Armour
  3674 | D:5      | Reached XP level 8. HP: 62/75 MP: 8/10
  3699 | D:5      | Found Yruceff's Antique Armour Emporium.
  4512 | D:6      | Noticed Eustachio
  4515 | D:6      | Reached skill level 8 in Armour
  4534 | D:6      | Killed Eustachio
  4538 | D:6      | Reached skill level 5 in Invocations
  4665 | D:6      | Reached **** piety under Lugonu
  4816 | D:7      | Noticed a hippogriff
  4824 | D:7      | Killed a hippogriff
  4824 | D:7      | Reached XP level 9. HP: 72/82 MP: 11/11
  4859 | D:7      | Found Pyzaynn's Magic Scroll Shoppe.
  4859 | D:7      | Noticed Pikel
  4883 | D:7      | Killed Pikel
  5327 | D:7      | Reached skill level 10 in Axes
  5465 | D:7      | Reached skill level 9 in Armour
  5764 | D:7      | Reached XP level 10. HP: 86/94 MP: 13/13
  5790 | D:7      | Noticed Prince Ribbit
  5801 | D:7      | Killed Prince Ribbit
  6092 | D:8      | Noticed CALLOUS's ghost (novice BaSu)
  6460 | D:8      | Killed CALLOUS's ghost
  6460 | D:8      | Reached ***** piety under Lugonu
  6460 | D:8      | Reached skill level 10 in Armour
  7132 | D:8      | Noticed a two-headed ogre
  7141 | D:8      | Killed a two-headed ogre
  7438 | D:8      | Gained mutation: You evolve. [mutagenic meat]
  7643 | D:9      | Noticed a two-headed ogre
  7652 | D:9      | Killed a two-headed ogre
  7705 | D:9      | Reached skill level 11 in Armour
  7849 | D:9      | Found a staircase to the Lair.
  7888 | D:9      | Found Rosa's Antique Armour Boutique.
  8087 | D:9      | Reached XP level 11. HP: 104/104 MP: 15/15
  8466 | D:9      | Noticed Grum
  8499 | D:9      | Killed Grum
  8570 | Lair:1   | Entered Level 1 of the Lair of Beasts
  8693 | Lair:1   | Noticed a seven-headed hydra
  8703 | Lair:1   | Banished a seven-headed hydra
  8947 | Lair:1   | Reached skill level 12 in Armour
  9235 | Lair:1   | Lost mutation: You evolve. [potion of mutation]
  9235 | Lair:1   | Lost mutation: Your mind is acute. (Int +2) [potion of mutation]
  9235 | Lair:1   | Gained mutation: Your mind is acute. (Int +2) [potion of mutation]
  9235 | Lair:1   | Gained mutation: You passively map a small area around you. [potion of mutation]
  9951 | Lair:2   | Found a staircase to the Snake Pit.
 10341 | Lair:2   | Noticed Sonja
 10684 | Lair:2   | Reached skill level 1 in Shields
 10999 | Lair:2   | Noticed a catoblepas
 11017 | Lair:2   | Killed a catoblepas
 11195 | Lair:2   | Banished Sonja
 11270 | Lair:2   | Found a staircase to the Shoals.
 11272 | Lair:2   | Reached skill level 13 in Armour
 11697 | Lair:3   | Reached XP level 12. HP: 92/116 MP: 17/17
 11886 | Lair:3   | Found a dark tunnel.
 11898 | Volcano  | Entered a volcano
 11981 | Volcano  | Gained mutation: Scrolls take you longer to read. [mutagenic meat]
 11983 | Volcano  | Lost mutation: You are robust. (+10% HP) [mutagenic meat]
 12199 | Volcano  | Reached skill level 10 in Fighting
 13425 | Lair:4   | Reached skill level 14 in Armour
 14146 | Lair:4   | Noticed a six-headed hydra
 14151 | Lair:4   | Banished a six-headed hydra
 14455 | Lair:4   | Noticed an eight-headed hydra
 14456 | Lair:4   | Banished an eight-headed hydra
 14490 | Lair:5   | Noticed a seven-headed hydra
 14492 | Lair:5   | Banished a seven-headed hydra
 15261 | Lair:6   | Entered Level 6 of the Lair of Beasts
 15433 | Lair:6   | Reached skill level 10 in Invocations
 15544 | Lair:6   | Noticed a fire dragon
 15560 | Lair:6   | Killed a fire dragon
 15560 | Lair:6   | Reached XP level 13. HP: 48/114 MP: 19/19
 15999 | Lair:6   | Reached skill level 15 in Armour
 16165 | Lair:6   | HP: 5/115 [redback (10)]
 16166 | Lair:6   | HP: 1/115 [redback (10)]
 16377 | Lair:6   | Reached skill level 5 in Shields
 16505 | Lair:6   | Found a viscous altar of Jiyva.
 16506 | Lair:6   | Found a staircase to the Slime Pits.
 17142 | Lair:6   | Paralysed by a hornet for 2 turns
 18067 | D:10     | Entered Level 10 of the Dungeon
 18252 | D:10     | Found an iron altar of Okawaru.
 18624 | D:10     | Found Repriynua's Serpentskin Sales.
 18861 | D:11     | Found a staircase to the Orcish Mines.
 19431 | D:11     | Noticed Snorg
 19441 | D:11     | Lost mutation: Your mind is acute. (Int +2) [potion of mutation]
 19441 | D:11     | Lost mutation: Your spells are a little harder to cast, but a little more powerful. [potion of mutation]
 19441 | D:11     | Lost mutation: Scrolls take you longer to read. [potion of mutation]
 19441 | D:11     | Lost mutation: Scrolls take you a little longer to read. [potion of mutation]
 19441 | D:11     | Lost mutation: You possess an exceptional clarity of mind. [potion of mutation]
 19441 | D:11     | Gained mutation: You are resistant to hostile enchantments. (MR+) [potion of mutation]
 19441 | D:11     | Gained mutation: You are agile. (Dex +2) [potion of mutation]
 19484 | D:11     | Killed Snorg
 19720 | D:11     | Reached XP level 14. HP: 86/125 MP: 21/21
 20667 | D:12     | Found Keregire's Antique Armour Boutique.
 20795 | D:12     | Reached skill level 15 in Axes
 20989 | D:12     | Reached ****** piety under Lugonu
 21545 | D:12     | Reached skill level 16 in Armour
 21966 | D:13     | Reached skill level 1 in Throwing
 21966 | D:13     | Reached skill level 1 in Evocations
 21966 | D:13     | Reached XP level 15. HP: 133/133 MP: 22/22
 22498 | D:13     | Found a gate to the Vaults.
 23238 | D:14     | Noticed a fire giant
 23242 | D:14     | Noticed a sphinx
 23252 | D:14     | Killed a sphinx
 23254 | D:14     | Killed a fire giant
 23991 | D:14     | Noticed a storm dragon
 23992 | D:14     | Noticed a storm dragon
 23994 | D:14     | Banished a storm dragon
 23997 | D:14     | Banished a storm dragon
 24389 | D:15     | Entered Level 15 of the Dungeon
 24870 | D:15     | Reached skill level 17 in Armour
 25149 | D:15     | Found a staircase to the Depths.
 25149 | D:15     | Noticed a frost giant
 25156 | D:15     | Killed a frost giant
 25156 | D:15     | Reached XP level 16. HP: 74/144 MP: 24/24
 25898 | D:15     | Identified the Grimoire of Moulding and the Oath
 25959 | D:15     | Reached skill level 10 in Shields
 26359 | Orc:1    | Entered Level 1 of the Orcish Mines
 26418 | Orc:2    | Entered Level 2 of the Orcish Mines
 27928 | Orc:2    | Found a roughly hewn altar of Beogh.
 28450 | Orc:2    | Noticed Josephine
 28462 | Orc:2    | Killed Josephine
 28488 | Orc:2    | Found a roughly hewn altar of Beogh.
 28494 | Orc:2    | Found Ric Xeps's Antique Weapon Shoppe.
 28693 | Orc:2    | Found a staircase to the Elven Halls.
 28853 | Orc:2    | Found a roughly hewn altar of Beogh.
 28854 | Orc:2    | Found Dinog's Gadget Shoppe.
 28972 | Orc:2    | Found a roughly hewn altar of Beogh.
 29118 | Orc:2    | Found Amowuso's Antique Weapon Shoppe.
 29119 | Orc:2    | Found a roughly hewn altar of Beogh.
 29120 | Orc:2    | Found Qoxaxun's Antique Armour Emporium.
 29139 | Orc:2    | Bought a runed hat for 224 gold pieces
 29150 | Orc:2    | Bought a runed war axe for 195 gold pieces
 29349 | Snake:1  | Entered Level 1 of the Snake Pit
 30350 | Snake:1  | Reached skill level 18 in Armour
 31109 | Snake:2  | Noticed Aizul
 31125 | Snake:2  | Killed Aizul
 32230 | Snake:2  | Reached XP level 17. HP: 133/154 MP: 18/26
 32357 | Snake:2  | Found Waell's Armour Boutique.
 33451 | Snake:3  | Noticed Agnes
 33465 | Snake:3  | Killed Agnes
 33575 | Snake:3  | Found a frozen archway.
 33856 | Snake:4  | Entered Level 4 of the Snake Pit
 34250 | Snake:4  | Noticed Asterion
 34809 | Snake:4  | Reached skill level 15 in Fighting
 35461 | Snake:4  | Found Lobb's General Store.
 35530 | Snake:4  | Reached skill level 19 in Armour
 35771 | Snake:4  | Found Rumenwon's Food Shoppe.
 35775 | Snake:4  | Bought a scroll of brand weapon for 260 gold pieces
 37061 | Snake:4  | HP: 5/156 [naga ritualist/Olgreb's Toxic Radiance (3)]
 37061 | Snake:4  | Slain by a shock serpent

Skill      XL: |  1  2  3  4  5  6  7  8  9 10 11 12 13 14 15 16 17 |
---------------+----------------------------------------------------+-----
Fighting       | 4 5 6 7 8 9 10 11 12 13 14 15 | 15.4
Invocations    | 2 3 4 5 6 7 8 10 11 12 13 14 | 14.3
Armour         | 3 4 5 7 8 9 11 13 14 15 16 17 18 19 | 19.1
Axes           | 3 5 6 7 9 10 12 13 14 15 16 | 16.7
Dodging        | 2 3 4 |  4.3
Shields        | 2 3 6 8 9 11 14 | 14.2
Throwing       | 1 |  1.7
Evocations     | 1 |  1.5

Action                   |  1- 3 |  4- 6 |  7- 9 | 10-12 | 13-15 | 16-18 || total
-------------------------+-------+-------+-------+-------+-------+-------++-------
Melee: Hand axe          |    88 |    82 |       |   683 |   877 |  1169 ||  2899
       Headbutt          |     8 |    25 |    63 |   206 |   257 |   367 ||   926
       War axe           |       |    47 |   226 |    39 |       |       ||   312
Throw: Javelin           |       |       |       |       |     4 |       ||     4
Invok: Depart the Abyss  |     1 |       |       |       |       |       ||     1
       Bend Space        |       |       |     1 |       |       |     1 ||     2
       Banish            |       |       |       |    10 |     9 |     1 ||    20
Evoke: Wand              |       |       |     4 |       |       |       ||     4
  Use: Scroll            |     8 |     2 |     8 |     9 |     7 |     8 ||    42
       Potion            |       |       |     4 |     6 |     9 |     1 ||    20
 Stab: Petrified         |       |       |       |       |     2 |       ||     2
  Eat: Chunk             |     1 |     7 |     9 |    28 |    22 |    25 ||    92
       Bread ration      |       |       |     1 |     3 |     2 |     3 ||     9
       Fruit             |       |       |       |     1 |       |       ||     1
       Royal jelly       |       |       |       |       |     1 |       ||     1
Armor: Chain mail        |    66 |    97 |    64 |       |       |       ||   227
       Plate armour      |       |       |   132 |   448 |   428 |   396 ||  1404
       Skin              |       |       |    12 |       |       |       ||    12
Dodge: Dodged            |    35 |    56 |    91 |   244 |   244 |   222 ||   892
Block: Buckler           |       |       |       |   104 |   421 |   346 ||   871
       Reflection        |       |       |       |       |    22 |   117 ||   139
       Large shield      |       |       |       |       |       |   653 ||   653
